 Dungeon Crawl Stone Soup version 0.28.0-43-g3370ac3207 (webtiles) character file.

Game seed: 3630796050033241900

37 Peloso the Shield-Bearer (level 3, -5/33 HPs)
             Began as a Minotaur Fighter on Mar 24, 2022.
             Slain by Sigmund
             ... wielding a +0 scythe
              (7 damage)
             ... on level 2 of the Dungeon.
             The game lasted 00:02:05 (1133 turns).

Peloso the Shield-Bearer (Minotaur Fighter)         Turns: 1133, Time: 00:02:05

Health: -5/33      AC:  9    Str: 20    XL:     3   Next: 23%
Magic:  2/2        EV:  7    Int:  5    God:
Gold:   63         SH:  4    Dex: 11    Spells: 2/2 levels left

rFire   . . .      SeeInvis .   a - +0 long sword
rCold   . . .      Faith    .   c - +0 buckler
rNeg    . . .      Spirit   .   g - +0 chain mail
rPois   .          Reflect  .   (helmet restricted)
rElec   .          Harm     .   (no cloak)
rCorr   .          Rampage  .   (no gloves)
Will    .....                   (no boots)
Stlth   ..........              (no amulet)
HPRegen 0.11/turn               (no ring)
MPRegen 0.08/turn               (no ring)

@: no status effects
A: horns 2, retaliatory headbutt
a: no special abilities


You were on level 2 of the Dungeon.
You visited 1 branch of the dungeon, and saw 2 of its levels.

You collected 63 gold pieces.

Inventory:

Hand Weapons
 a - a +0 long sword (weapon)
Armour
 b - a +0 scale mail
 c - a +0 buckler (worn)
 g - a +0 chain mail (worn)
Wands
 m - a wand of charming (7)
Scrolls
 h - 2 scrolls of blinking {unknown}
 k - a scroll of identify {unknown}
 l - a scroll of summoning {unknown}
 n - a scroll of immolation {unknown}
Potions
 d - a potion of might
 e - a potion of curing {unknown}
 f - a potion of flight {unknown}
 i - a potion of lignification {unknown}
 j - 2 potions of attraction {unknown}


   Skills:
 + Level 4.0 Fighting
 + Level 3.3 Long Blades
 + Level 4.0 Armour
 + Level 4.1 Shields


You had 2 spell levels left.
You didn't know any spells.
Your spell library was empty.

Dungeon Overview and Level Annotations

Branches:
Dungeon (2/15)

Altars:

Annotations:
D:2 Sigmund


Innate Abilities, Weirdness & Mutations

You have a pair of horns on your head.
You reflexively headbutt those who attack you in melee.


Message History

Sigmund casts a spell.
Sigmund flickers and vanishes!
Deactivating autopickup; reactivate with Ctrl-A.
You barely miss the hobgoblin. You block the hobgoblin's attack.
You closely miss the hobgoblin. The hobgoblin closely misses you.
Something hits you.
You slash the hobgoblin!
You kill the hobgoblin!
A magic dart appears from out of thin air!
The magic dart hits you. Something hits you but does no damage.
Things that are here:
23 stones; a hobgoblin corpse You miss something.
Something hits you but does no damage.
You barely miss something. Your headbutt misses something.
You completely miss something. Something hits you.
You barely miss something. Your headbutt misses something.
You block something's attack.
You hit something. Something hits you!
You miss something.
You hear some strange, mumbled words.
Something tries to affect you, but you resist.
You miss something.
You hear some strange, mumbled words.
A puff of flame appears from out of thin air!
The puff of flame misses you.
You hit something but do no damage. You headbutt something!
You hear some strange, mumbled words.
A magic dart appears from out of thin air!
The magic dart hits you. Something hits you but does no damage.
You hit something but do no damage. Your headbutt misses something.
Something hits you but does no damage.
You miss something. You headbutt something. You barely miss something.
Something hits you.
You completely miss something. Something hits you.
You miss something. Your headbutt misses something. Something hits you!
* * * LOW HITPOINT WARNING * * *
You hit something. Something hits you but does no damage.
You closely miss something. Something hits you!
You die...

##############
............#####
#######{##............#
.......@##.#####..###.#
#######.##.#####..# #.# #
#..............# #.#
#.##########.#####..###.##
#...>.....................
#.##.#....##.#.#.......... #
#.####.#....................
#.#......+.................<..
#.######.#....##.#.#..........


There were no monsters in sight!

Vanquished Creatures
  A worm (D:2)
  2 giant cockroaches
  4 goblins
  5 hobgoblins
  4 jackals (D:1)
  2 quokkas (D:1)
  A ball python (D:1)
  4 bats
  2 frilled lizards
  3 kobolds
  3 rats
31 creatures vanquished.

Notes
Turn   | Place    | Note
-------+----------+-------------------------------------------
     0 | D:1      | Peloso the Minotaur Fighter began the quest for the Orb.
     0 | D:1      | Reached XP level 1. HP: 19/19 MP: 0/0
   197 | D:1      | Reached XP level 2. HP: 26/27 MP: 1/1
   470 | D:1      | Found a faded altar of an unknown god.
   887 | D:2      | Reached XP level 3. HP: 33/33 MP: 2/2
  1113 | D:2      | Noticed Sigmund
  1133 | D:2      | Slain by Sigmund

Illustrated notes

Levels and vault maps discovered:
D:1:      dpeg_arrival_pits, layout_basic, shapermc_ecumenical_altar_hornbeckon
D:2:      layout_basic, uniq_jessica, uniq_sigmund

Skill      XL: |  1  2  3 |
---------------+----------+-----
Long Blades    | 3 |  3.3
Shields        | 4 |  4.1
Armour         | 4 |  4.0
Fighting       | 4 |  4.0

Action                   || total
-------------------------++-------
Melee: Long sword        ||    88
       Headbutt          ||     6
Armor: Scale mail        ||    20
       Chain mail        ||    33
Dodge: Dodged            ||    48
Block: Buckler           ||    15
